Unix NetHack Version 5.0.0-0 post-release - last build Jul 19 2026 19:10:59 (3aa4ab31751d3886436d94b585a96704892fd477,branch:main).

Game began 2026-07-29 17:06:31, ended 2026-07-29 20:15:54.

Eymerich, chaotic male elven Priest

  ------------                              #                 -------
  |..........-#                             #-------------    |.....|
  |..........|##                            #|...........|    |.....|
  |...(.......#################             #|...........|  ##......|
  -----|------         ##     #             #|...........|  # |{....|
       #######          ###   ####        ###............|### |.....|
             ####         ##  #         ### #|...........|#   |.....|
           -----#          # -------    #  ##|...........|#   -.-----
         ---...-.-         # |......######## -----|-------#    #####
         |.......|####  #####-.....|  ##          #    ####        ##
        --.......--  ## #   #|>....|###           ##   #            ####
        |....0....|   #######-......#              #   #               #
        |..........####      |.....|               #  ##               ##
        |.........|          -------             --.--#                 #d@#
        --.......--                              |...-#          ----------d-
         |.......|                               |...|           |......<...|
         ---...---                               |...|           |..........|
           -----                                 -----           |.....{....|
                                                                 ------------

Eymerich the Acolyte         St:12 Dx:12 Co:16 In:8 Wi:18 Ch:10  Chaotic
Dlvl:3  $:104 HP:0(31) Pw:43(43) AC:4  Xp:4 T:2716 

Latest messages:
 You kill the coyote!
 You see here a coyote corpse.
 There is a coyote corpse here; eat it? [ynq] (n)
 This coyote corpse is fatty.
 You finish eating the coyote corpse.
 You stop.  Pinky is in the way!
 You swap places with Pinky.
 With great effort you move the boulder.
 You stop.  Pinky is in the way!
 You swap places with Pinky.
 You swap places with Pinky.
 You swap places with Pinky.
 You hear bubbling water.
 You swap places with Pinky.
 You hear some noises.
 The little dog bites!
 Pinky misses the little dog.
 The little dog bites!
 Pinky misses the little dog.
 You stop.  Pinky is in the way!
 The little dog bites!
 Pinky bites the little dog.
 The little dog is killed!
 You swap places with Pinky.
 You swap places with Pinky.
 The gecko bites!
 You swap places with Pinky.
 The gecko misses!
 Pinky bites the gecko.
 The gecko bites Pinky.
 You kill the gecko!
 Pinky eats a gecko corpse.
 You swap places with Pinky.
 You see here a cursed ruby potion.
 u - a cursed ruby potion.
 What do you want to use or apply? [ilDKS or ?*]
 Sorry, I don't know how to use that.
 You kill the gas spore!
 Boom!
 You are caught in the gas spore's explosion!
 The little dog bites!
 The little dog bites!
 You miss the little dog.
 The little dog bites!
 The little dog bites!
 The little dog bites!
 You die...
 Do you want your possessions identified? [ynq] (y)
 Do you want to see your attributes? [ynq] (y)
 Do you want an account of creatures vanquished? [ynaq] (y)

Inventory:
 Coins    ('$')
  $ - 104 gold pieces
 Weapons  (')')
  c - a +0 elven dagger
  j - a +0 elven spear (at the ready)
  k - a +3 orcish dagger
  q - a very corroded +0 orcish dagger
  a - a blessed +1 mace (weapon in right hand)
 Armor    ('[')
  h - a +0 orcish helm
  N - a +0 orcish helm (being worn)
  b - a +0 robe
  R - a +0 elven mithril-coat (being worn)
 Comestibles  ('%')
  y - a slime mold
  e - 2 cloves of garlic
  o - 2 food rations
  f - 2 sprigs of wolfsbane
  r - 2 tripe rations
  m - 4 lichen corpses
 Scrolls  ('?')
  P - a scroll of confuse monster
  s - 2 scrolls of enchant armor
  g - a scroll of magic mapping
 Potions  ('!')
  p - a potion of blindness
  u - a cursed potion of gain ability
  n - a potion of monster detection
  J - a potion of sleeping
  d - 4 potions of holy water
 Wands    ('/')
  D - a wand of light (0:12)
  S - a wand of stasis (0:5)
  l - a wand of undead turning (0:6)
 Tools    ('(')
  i - a bugle
  K - a mirror
 Gems/Stones  ('*')
  t - an amethyst stone named soft
  L - a worthless piece of blue glass named soft

Eymerich the Priest's attributes:

Background:
 You were an Acolyte, a level 4 elven Priest.
 You were chaotic, on a mission for Kos
 who was opposed by Issek (lawful) and Mog (neutral).
 You were right-handed.
 You were in the Dungeons of Doom, on level 3.
 You entered the dungeon 2716 turns ago.
 There was a full moon in effect when your adventure ended.
 You had 154 experience points, 6 more were needed to attain level 5.

Basics:
 You had 0 out of 31 hit points.
 You had all 43 energy points (spell power).
 Your armor class was 4.
 Your wallet contained 104 zorkmids.
 Autopickup was off.

Final Characteristics:
 Your strength was 12 (limit:18).
 Your dexterity was 12 (limit:18).
 Your constitution was 16 (limit:16).
 Your intelligence was 8 (limit:20).
 Your wisdom was 18 (limit:20).
 Your charisma was 10 (limit:18).

Final Status:
 You weren't hungry.
 You were unencumbered.
 You were wielding a mace.
 You had basic skill with mace and could have enhanced that.

Final Attributes:
 You were piously aligned.
 You were sleep resistant.
 You had infravision.
 You were guarded.
 Your spell casting was impaired by metallic armor.
 You were lucky.
 You are dead.

Miscellaneous:
 You didn't encounter any bones levels.
 Total elapsed playing time was 1 hour, 26 minutes and 29 seconds.

Major events:
 Turn
    1: Eymerich the chaotic elven Priest entered the dungeon
 1185: attained the rank of Acolyte (level 3)
 2716: killed by a little dog

Spells:
 Name                 Level Category     Fail Retention
 protection             1   clerical      94%   81%-90%
 cure blindness         2   healing      100%  76%-100%

Skills:
 Fighting Skills
   bare handed combat [Unskilled]
 Weapon Skills
   club               [Unskilled]
   mace               [Basic]
   morning star       [Unskilled]
   flail              [Unskilled]
   hammer             [Unskilled]
   quarterstaff       [Unskilled]
   polearms           [Unskilled]
   spear              [Unskilled]
   trident            [Unskilled]
   lance              [Unskilled]
   bow                [Unskilled]
   sling              [Unskilled]
   crossbow           [Unskilled]
   dart               [Unskilled]
   shuriken           [Unskilled]
   boomerang          [Unskilled]
   unicorn horn       [Unskilled]
 Spellcasting Skills
   healing spells     [Unskilled]
   divination spells  [Unskilled]
   clerical spells    [Basic]

Voluntary challenges:
 Character rerolling was not enabled.
 You never genocided any monsters.
 You never polymorphed an object.
 You never changed form.
 You used no wishes.
Achievements:
 You entered a shop.
 You attained the rank of Acolyte.

 The Dungeons of Doom: levels 1 to 4
    Level 1: "vault"
       An altar, a fountain.
    Level 2:
       A general store, a fountain.
    Level 3: <- You were here.
       Some fountains.
       Final resting place for
          you, killed by a little dog.
    Level 4:
       An altar.


Vanquished creatures:
  a shrieker
  a little dog
  a giant bat
  2 acid blobs
  5 coyotes
  a gas spore
  a hobbit
  2 giant rats
  2 cave spiders
  2 brown molds
  a yellow mold
  2 red molds
  7 geckos
  2 jackals
  a kobold
  4 goblins
  9 grid bugs
  a bat
 10 lichens
  2 kobold zombies
  3 newts
60 creatures vanquished.

No species were genocided or became extinct.

Game over:
                       ----------
                      /          \
                     /    REST    \
                    /      IN      \
                   /     PEACE      \
                  /                  \
                  |     Eymerich     |
                  |      104 Au      |
                  |   killed by a    |
                  |    little dog    |
                  |                  |
                  |                  |
                  |       2026       |
                 *|     *  *  *      | *
        _________)/\\_//(\/(/\)/\//\/|_)_______

Goodbye Eymerich the Priest...

You died in The Dungeons of Doom on dungeon level 3 with 880 points,
and 104 pieces of gold, after 2716 moves.
You were level 4 with a maximum of 31 hit points when you died.

